 Dungeon Crawl Stone Soup version 0.31-a0-876-gfe8ebadbca (webtiles) character file.

Game seed: 10210820992728532222

54 BinkBink the Trooper (level 3, -9/40 HPs)
             Began as an Ogre Fighter on Oct 14, 2023.
             Killed by nerve-wracking pain
             ... invoked by an orc priest
              (12 damage)
             ... on level 3 of the Dungeon.
             The game lasted 00:02:09 (1435 turns).

BinkBink the Trooper (Ogre Fighter)                 Turns: 1435, Time: 00:02:10

Health: -9/40      AC:  3    Str: 19 (22) XL:     3   Next: 91%
Magic:  3/3        EV:  8    Int:  8 (9)  God:
Gold:   115        SH:  7    Dex:  5 (8)  Spells: 2/2 levels left

rFire   . . .        a - +0 war axe
rCold   . . .        c - +0 kite shield
rNeg    . . .        b - +0 robe
rPois   .            (helmet restricted)
rElec   .            (no cloak)
rCorr   .            (gloves unavailable)
SInv    .            (boots unavailable)
Will    .....        (no amulet)
Stlth   +            (no ring)
HPRegen 0.26/turn    (no ring)
MPRegen 0.08/turn

%: no passive effects
@: no status effects
A: large, unfitting armour, tough skin 1, talons 1, noise suppression
a: no special abilities


You were on level 3 of the Dungeon.
You visited 1 branch of the dungeon, and saw 3 of its levels.

You collected 115 gold pieces.

Inventory:

Hand Weapons
 a - a +0 war axe (weapon)
Armour
 b - a +0 robe (worn)
 c - a +0 kite shield (worn)
Scrolls
 e - a scroll of vulnerability {unknown}
 f - a scroll of brand weapon {unknown}
 g - a scroll of teleportation {unknown}
 h - 2 scrolls of identify {unknown}
 j - a scroll of enchant armour {unknown}
 k - a scroll of summoning {unknown}
 l - a scroll of amnesia {unknown}
 n - a scroll of noise {unknown}
Potions
 d - a potion of might
 i - a potion of attraction
 m - a potion of curing {unknown}


   Skills:
 + Level 4.5 Fighting
 * Level 3.0 Axes
 + Level 1.0 Armour
 - Level 2.6 Dodging
 + Level 3.3 Shields


You had 2 spell levels left.
You didn't know any spells.
Your spell library contained the following spells:

 Spells                   Type           Power      Damage    Failure   Level
 Apportation              Tloc           0%         N/A       73%         1
 Necrotise                Necr           0%         1d4       73%         1
 Summon Small Mammal      Summ           0%         N/A       73%         1


Dungeon Overview and Level Annotations

Branches:
Dungeon (3/15)

Altars:
Dithmenos


Innate Abilities, Weirdness & Mutations

You are too large for most types of armour.
You have tough skin. (AC +1)
You have sharp toenails.
You passively dampen the noise of your surroundings.


Message History

You barely miss the orc. The orc barely misses you.
You block the orc priest's attack. The orc hits you with a +0 club.
You slash the orc priest!
The orc priest is heavily wounded.
You barely miss the orc.
The orc priest calls down the wrath of Beogh upon you.
Beogh smites you! The orc barely misses you.
The orc priest miscasts a cantrip.
You barely miss the orc priest.
The orc priest is heavily wounded.
You hit the orc but do no damage. The orc hits you but does no damage.
The orc priest barely misses you. The orc hits you with a +0 club.
The orc priest hits you with a +0 hand axe.
You closely miss the orc priest. Your kick misses the orc priest.
The orc priest is heavily wounded.
You hit the orc. The orc barely misses you. The orc priest barely misses you.
Unknown command.
You hit the orc priest. Your kick misses the orc priest.
The orc priest is almost dead.
You miss the bat. You hit the orc. You block the bat's attack.
The orc hits you with a +0 club. The orc priest barely misses you.
The bat hits you but does no damage. You block the orc's attack.
The orc priest begins to cast a cantrip, but forgets the words!
You hit the orc priest.
The orc priest is almost dead.
You hit the orc but do no damage. You miss the bat.
The bat hits you but does no damage. The bat hits you.
The orc closely misses you.
The orc priest invokes the aid of Beogh against you.
Beogh smites you!
* * * LOW HITPOINT WARNING * * *
You closely miss the orc priest.
The orc priest is almost dead.
You hit the bat but do no damage. You barely miss the orc.
The bat hits you but does no damage. You block the bat's attack.
The orc hits you with a +0 club.
* * * LOW HITPOINT WARNING * * *
The orc priest calls down the wrath of Beogh upon you.
Pain shoots through your body!
You die...

#
#.#.#.#...~≈≈~..........
#.#.#.#.#...~≈≈~~o.....
...........~~≈≈~.#.#..
............~≈≈~o.....
.###.#...88~≈≈~~88...
.#..###.................
............[...........
.#..####.boo88~~≈≈~88...
..........@..##~≈≈~~....
...##.<...>.##~~≈≈~.##.
##.#....##.~≈≈~...
........##.~≈≈~~##.
##..........~~≈≈~#
............~≈≈~#
##....##.#... #.....
..... #...... ..


You could see an orc priest, an orc and a bat.

Vanquished Creatures
  An adder (D:2)
  2 dart slugs
  3 orcs
  3 endoplasms
  9 goblins
  2 hobgoblins
  2 jackals (D:2)
  2 kobolds
  A quokka (D:1)
  7 ball pythons
  A bat (D:1)
  2 frilled lizards (D:1)
  A rat (D:2)
36 creatures vanquished.

Notes
Turn   | Place    | Note
-------+----------+-------------------------------------------
     0 | D:1      | BinkBink the Ogre Fighter began the quest for the Orb.
     0 | D:1      | Reached XP level 1. HP: 24/24 MP: 1/1
   233 | D:1      | Reached XP level 2. HP: 32/32 MP: 2/2
   687 | D:2      | Found a shadowy altar of Dithmenos.
   784 | D:2      | Reached XP level 3. HP: 35/39 MP: 3/3
   806 | D:2      | Gained mutation: You passively dampen the noise of your
                  | surroundings. [potion of mutation]
   806 | D:2      | Gained mutation: You have sharp toenails. [potion of
                  | mutation]
  1125 | D:2      | Reached skill level 1 in Armour
  1435 | D:3      | Killed from afar by an orc priest

Illustrated notes

Levels and vault maps discovered:
D:1:      matt_arrival_diagonals, layout_basic
D:2:      layout_basic, basic_altar, item_on_display_a
D:3:      wander_river, layout_basic, serial_shops, shop, minmay_misc_feat_rows,
          cheibrodos_gnoll_hut

Skill      XL: |  1  2  3 |
---------------+----------+-----
Armour         | 1 |  1.0
Axes           | 3 |  3.0
Fighting       | |  4.5
Dodging        | |  2.6
Shields        | |  3.3

Action                     || total
---------------------------++-------
  Melee: War axe           ||   107
         Kick              ||     6
    Use: Potion            ||     5
 Armour: Robe              ||    76
  Dodge: Dodged            ||    45
  Block: Kite shield       ||    43

Table legend: (Time is in decaauts)
 A = Elapsed time spent in this place.
 B = Non-inter-level travel time spent in this place.
 C = Inter-level travel time spent in this place.
 D = Time resting spent in this place.
 E = Time spent auto-exploring this place.
 F = Levels seen in this place.
 G = Mean time per level.
                   A        B        C        D        E       F      G
               +--------+--------+--------+--------+--------+-----+--------+
         Total |   1489 |   1431 |     58 |    211 |    920 |   3 |  496.3 |
       Dungeon |   1489 |   1431 |     58 |    211 |    920 |   3 |  496.3 |
               +--------+--------+--------+--------+--------+-----+--------+

Top non-repeatable levels by time:
     D:2: 750 daAuts
     D:1: 678 daAuts
     D:3: 60 daAuts
